 Dungeon Crawl Stone Soup version 0.26.0-16-gc1dbca0489 (webtiles) character file.

Game seed: 15540973760788681766

105583 112233 the Impaler (level 16, -6/119 HPs)
             Began as an Octopode Fighter on Jan 19, 2021.
             Was an Initiate of Gozag.
             Mangled by a deep troll (20 damage)
             ... on level 1 of the Orcish Mines on Jan 20, 2021.
             The game lasted 00:56:46 (41111 turns).

112233 the Impaler (Octopode Fighter)              Turns: 41111, Time: 00:56:47

Health: -6/119     AC:  3    Str: 37    XL:     16   Next: 41%
Magic:  16/16      EV: 22    Int: 11    God:    Gozag
Gold:   1176       SH: 14    Dex: 11    Spells: 7/15 levels left

rFire    . . .     SeeInvis +   a - +1 trident
rCold    + . .     Faith    .   b - +0 kite shield
rNeg     + + +     Spirit   .   D - +2 hat {Will+}
rPois    +         Reflect  .   T - amulet of regeneration
rElec    +         Harm     .   w - ring of protection from fire
rCorr    +         Rampage  .   f - +6 ring of strength
Will     ++...                  A - +4 ring of evasion
Stlth    ++........             E - ring of positive energy
HPRegen  0.69/turn              Y - ring "Zaythea" {Ice rElec rN+ Dex-3}
MPRegen  0.15/turn              C - +6 ring of strength
                                I - ring "Qeveocodd" {rPois rN+ Str+2 Slay+4}
                                v - ring of the Water Diviner {*Drain +Inv rCorr Str+4 SInv}

@: silenced
A: almost no armour, stealthy swim, amphibious, 8 rings, constrict 8, camouflage
1, gelatinous body 1
a: Renounce Religion, Evoke Invisibility


You were on level 1 of the Orcish Mines.
You worshipped Gozag.
Gozag was most pleased with you.
You visited 4 branches of the dungeon, and saw 24 of its levels.
You also visited: Gauntlet and Ice Cave.

You collected 8711 gold pieces.
You spent 3340 gold pieces at shops.
You paid 4195 gold pieces to Gozag.

Inventory:

Hand Weapons
 a - a +1 trident (weapon)
 P - the +8 war axe "Ocvoi" {protect, rPois rF++ rN+, unknown}
   (You found it on level 15 of the Dungeon)

   It grants its wielder temporary protection when it strikes (+7 to AC).
   It greatly protects you from fire.
   It protects you from poison.
   It protects you from negative energy.
 R - the cursed +1 quarterstaff of Fortitude {freeze, rPois rF+ Str-3}
   (You took it off a deep elf mage on level 15 of the Dungeon)

   It has been specially enchanted to freeze those struck by it, causing extra
   injury to most foes and up to half again as much damage against particularly
   susceptible opponents.
   It can also slow down cold-blooded creatures.
   It affects your strength (-3).
   It protects you from fire.
   It protects you from poison.
   It has a curse placed upon it.
Missiles
 p - 2 throwing nets {!f}
 S - 46 poisoned darts (quivered)
Armour
 b - a +0 kite shield (worn)
 D - a +2 hat of willpower (worn)
Jewellery
 f - a +6 ring of strength (right tentacle)
 u - the ring "Cisodalo" {*Slow rF+++ Str+6 Int+10 Stlth-}
   (You bought it in a shop on level 13 of the Dungeon)

   [ring of strength]

   It affects your strength (+6).
   It affects your intelligence (+10).
   It renders you almost immune to fire.
   It may slow you when you take damage.
   It makes you less stealthy.
 v - the ring of the Water Diviner (on tentacle) {*Drain +Inv rCorr Str+4 SInv}
   (You found it in a Gauntlet)

   [ring of resist corrosion]

   It affects your strength (+4).
   It lets you see invisible.
   It lets you turn invisible.
   It provides partial protection from all sources of acid and corrosion.
   It causes draining when unequipped.
 w - a ring of protection from fire (left tentacle)
 A - a +4 ring of evasion (on tentacle)
 C - a +6 ring of strength (on tentacle)
 E - a ring of positive energy (on tentacle)
 I - the ring "Qeveocodd" (on tentacle) {rPois rN+ Str+2 Slay+4}
   (You found it in a Gauntlet)

   [ring of slaying]

   It affects your strength (+2).
   It affects your accuracy and damage with ranged weapons and melee attacks
   (+4).
   It protects you from poison.
   It protects you from negative energy.
 K - a +6 ring of intelligence
 T - an amulet of regeneration (around mantle)
 Y - the ring "Zaythea" (on tentacle) {Ice rElec rN+ Dex-3}
   (You found it on level 4 of the Lair of Beasts)

   [ring of ice]

   It enhances your ice magic.
   It affects your dexterity (-3).
   It makes you vulnerable to fire.
   It protects you from cold.
   It insulates you from electricity.
   It protects you from negative energy.
Wands
 c - a wand of iceblast (12)
 r - a wand of flame (34)
 y - a wand of random effects (68)
 F - a wand of disintegration (2)
 H - a wand of acid (4)
 M - a wand of polymorph (15)
Scrolls
 d - 21 scrolls of remove curse {@r2}
 e - 7 scrolls of enchant weapon
 j - 3 scrolls of amnesia
 l - 5 scrolls of fog
 m - a scroll of holy word
 o - 6 scrolls of fear
 q - a scroll of teleportation {@r3}
 s - 5 scrolls of identify {@r1}
 x - 3 scrolls of magic mapping
 B - 4 scrolls of immolation
 J - a scroll of blinking
 L - 6 scrolls of enchant armour
 O - a scroll of summoning
Potions
 g - a potion of ambrosia
 h - 3 potions of cancellation
 i - a potion of invisibility
 k - 3 potions of flight
 n - 5 potions of magic
 z - 4 potions of mutation
 G - a potion of heal wounds
 N - a potion of brilliance
 Q - a potion of might
 U - a potion of berserk rage
 V - 2 potions of resistance
 Z - 2 potions of curing {@q1}
Miscellaneous
 t - a box of beasts
 W - a phial of floods
 X - a tin of tremorstones (inert)


   Skills:
 + Level 14.0 Fighting
 - Level 16.6 Polearms
 + Level 11.4 Dodging
 + Level 11.4 Shields
 + Level 11.7 Evocations


You had 7 spell levels left.
You knew the following spells:

 Your Spells              Type           Power        Failure   Level
a - Blink                 Tloc           N/A          63%         2
b - Statue Form           Tmut/Erth      0%           100%        6

Your spell library contained the following spells:

 Spells                   Type           Power        Failure   Level
 Corona                   Hex            0%           50%         1
 Magic Dart               Conj           0%           50%         1
 Sandblast                Erth           0%           50%         1
 Call Imp                 Summ           0%           63%         2
 Passwall                 Tmut/Erth      0%           63%         2
 Poisonous Vapours        Pois/Air       0%           63%         2
 Searing Ray              Conj           0%           63%         2
 Slow                     Hex            0%           63%         2
 Conjure Flame            Conj/Fire      0%           86%         3
 Dazzling Flash           Conj/Hex       0%           86%         3
 Gell's Gravitas          Tloc           0%           86%         3
 Inner Flame              Hex/Fire       0%           86%         3
 Lesser Beckoning         Tloc           0%           86%         3
 Mephitic Cloud           Conj/Pois/Air  0%           86%         3
 Portal Projectile        Hex/Tloc       0%           86%         3
 Stone Arrow              Conj/Erth      0%           86%         3
 Teleport Other           Tloc           0%           86%         3
 Animate Dead             Necr           0%           99%         4
 Cause Fear               Hex            0%           99%         4
 Fulminant Prism          Conj/Hex       0%           99%         4
 Ice Form                 Ice/Tmut       0%           99%         4
 Iskenderun's Mystic Bla  Conj/Tloc      0%           99%         4
 Leda's Liquefaction      Hex/Erth       0%           99%         4
 Passage of Golubria      Tloc           N/A          99%         4
 Petrify                  Tmut/Erth      0%           99%         4
 Bolt of Magma            Conj/Fire/Erth 0%           100%        5
 Borgnjor's Vile Clutch   Necr/Erth      0%           100%        5
 Lee's Rapid Deconstruct  Erth           0%           100%        5
 Metabolic Englaciation   Hex/Ice        0%           100%        5
 Death Channel            Necr           0%           100%        6
 Freezing Cloud           Conj/Ice/Air   0%           100%        6
 Iron Shot                Conj/Erth      0%           100%        6
 Ozocubu's Refrigeration  Ice            0%           100%        6
 Simulacrum               Ice/Necr       0%           100%        6
 Shatter                  Erth           0%           100%        9


Dungeon Overview and Level Annotations

Branches:
Dungeon (15/15)            Temple (1/1) D:4            Lair (6/6) D:11
 Shoals (0/4) Lair:2       Spider (0/4) Lair:3        Slime (0/5) Lair:6
    Orc (2/2) D:12            Elf (0/3) Orc:2        Vaults (0/5) D:13
 Depths (0/5) D:15          IceCv (visited)         Gauntlet (visited)

Altars:
Ashenzari
Cheibriados
Dithmenos
Elyvilon
Fedhas
Gozag
Hepliaklqana
Kikubaaqudgha
Makhleb
Nemelex Xobeh
Okawaru
Qazlal
Ru
Sif Muna
Trog
Uskayaw
Vehumet
Wu Jian
Xom
Yredelemnul
Zin
The Shining One
Jiyva

Shops:
D:5 :   D:11 *   D:13 =   Orc:2 ?:=!

Annotations:
D:4 1 runed translucent door, akumoriri's ghost, amateur GnFE
D:6 2 transporters, dracos369's ghost, novice DrCj
D:10 exclusion: downstairs
D:11 exclusion: downstairs
D:12 exclusion: upstairs
D:13 exclusion: upstairs
Lair:1 exclusion: 2 downstairs
Lair:3 exclusion: upstairs
Lair:5 exclusions: ice statue and oklob plant
Orc:1 1 transporter, 1 runed translucent door, exclusion: downstairs
Orc:2 3 runed translucent doors, exclusion: obsidian statue, Greed's ghost, journeyman MiFi


Innate Abilities, Weirdness & Mutations

You cannot wear most types of armour.
You are very stealthy in the water. (Stealth+)
You are amphibious.
You can wear up to eight rings at the same time.
You can use your tentacles to constrict eight enemies at once.
Your skin changes colour to match your surroundings (Stealth+).
Your rubbery body absorbs attacks. (AC +1, EV +1)


Message History

Unknown command.
Unknown command.
Unknown command.
Unknown command.
Unknown command.
Unknown command.
Okay, then.
Okay, then.
Okay, then.
You feel much better. You block the orc knight's attack.
You block the deep troll's attack. The deep troll claws you! x2
The orc knight hits you with a +3 war axe!!
* * * LOW HITPOINT WARNING * * *
Unknown command.
You block the deep troll's attack. x2; The deep troll completely misses you.
The orc knight rages.
Unknown command.
The deep troll misses you. The deep troll claws you!!
You die...
Your body crumbles into a pile of gold.

##.......##......##
...########.......#
...# #.......# ...#
#.......# ...#
###.©.### ...#
#y#####y# ...#
########### ...#
##..'.©T').## .#.#
##...'O.o@...## ###
####
###..C.#...#....###
##.## #
#°#..#########..#§#
####...#
###O.#y##W##y#..###
#.......
y#..####+####..#y
#.##.#.#
#e#.O.$$[_:$$...#O#
#.###...
#e#....$/))$....#e#
#.# ##.#
#e#..⌠..)?$..⌠O.#e#
#.# ###
#e#.............#e#
#.#


You could see an orc knight (berserk), a deep elf elementalist (repels
missiles), a two-headed ogre, an ogre mage, a deep troll (berserk), 3 moths of
wrath, a cyclops and a silent spectre (silencing).

Vanquished Creatures
  A frost giant (D:13)
  A very ugly thing (D:9)
  A dire elephant (Lair:6)
  Snorg (Orc:2)
  An ettin (Orc:1)
  A death ooze (Gauntlet)
  Fannar (D:12)
  2 boulder beetles
  An ice dragon (Lair:5)
  5 centaur warriors
  2 catoblepae
  6 hydras
  A queen ant (Lair:3)
  A death knight (D:15)
  An ogre mage (D:15)
  A deep troll shaman (Lair:6)
  7 two-headed ogres
  2 tengu warriors
  4 death yaks (Lair:6)
  A thrashing horror (Gauntlet)
  Sonja (D:13)
  4 orc high priests (Orc:2)
  3 skeletal warriors (D:14)
  A flayed ghost (D:12)
  2 unseen horrors
  A wizard (D:15)
  4 orc knights (Orc:2)
  A necromancer (D:15)
  5 deep elf magi
  3 orc sorcerers (Orc:2)
  4 cyclopes
  23 ugly things
  16 elephants
  2 naga magi (D:15)
  3 black mambas (Lair:2)
  An ice statue (IceCv)
  2 gargoyles
  14 cane toads
  A yaktaur (D:15)
  7 komodo dragons
  A rime drake (Lair:6)
  2 kobold demonologists
  A tengu conjurer (D:14)
  An efreet (D:15)
  A meliai (shapeshifter) (D:12)
  11 trolls
  4 hornets
  6 polar bears
  8 slime creatures
  10 blink frogs (Lair:5)
  4 dream sheep (Lair:6)
  A meliai zombie (D:15)
  A shadow (D:12)
  A water elemental (D:13)
  5 wraiths
  A vampire (D:15)
  4 wyverns
  3 small abominations (Gauntlet)
  47 yaks
  5 vampire mosquitoes
  3 basilisks
  An acid dragon (D:13)
  2 wargs
  A soldier ant (shapeshifter) (D:15)
  19 soldier ants
  11 water moccasins
  28 orc warriors
  An eye of draining (D:11)
  4 sky beasts
  14 ice beasts
  2 black bears
  15 ogres
  2 necrophages
  A hornet zombie (D:15)
  3 phantoms
  7 centaurs
  16 wolves
  5 big kobolds
  18 bullfrogs
  5 scorpions
  A wyvern skeleton (D:12)
  A hornet simulacrum (D:13)
  12 killer bees
  5 wights
  A howler monkey (D:4)
  4 centaur zombies
  8 centaur skeletons
  A gnoll shaman (D:3)
  24 orc priests
  4 bullfrog zombies
  7 hounds
  4 jellies
  Terence (D:2)
  A bullfrog skeleton (D:12)
  6 iguanas
  32 orc wizards
  38 worker ants
  2 worker ant zombies
  7 gnolls
  15 adders
  A shadow imp (D:5)
  5 white imps
  4 ufetubi
  2 oozes
  An adder skeleton (D:5)
  A worm (D:2)
  2 dart slugs
  8 leopard geckos
  76 orcs
  6 bats
  6 giant cockroaches
  8 hobgoblins
  5 jackals
  7 quokkas
  3 ball pythons
  5 frilled lizards
  7 goblins
  2 jackal skeletons
  34 kobolds
  3 leopard gecko skeletons
  2 quokka skeletons
  4 rats
780 creatures vanquished.

Vanquished Creatures (collateral kills)
  A manticore (D:15)
  A yak (D:13)
2 creatures vanquished.

Vanquished Creatures (others)
  2 dancing weapons (D:13)
  An orc (D:15)
  4 demonic plants (Gauntlet)
  27 fungi
  42 plants
76 creatures vanquished.

Grand Total: 858 creatures vanquished

Notes
Turn   | Place    | Note
-------+----------+-------------------------------------------
     0 | D:1      | 112233 the Octopode Fighter began the quest for the Orb.
     0 | D:1      | Reached XP level 1. HP: 16/16 MP: 1/1
   130 | D:1      | Reached XP level 2. HP: 21/21 MP: 2/2
   455 | D:2      | Found a sacrificial altar of Ru.
   916 | D:1      | Reached XP level 3. HP: 26/26 MP: 3/3
  1482 | D:2      | Reached skill level 3 in Polearms
  1528 | D:2      | Noticed Terence
  1537 | D:2      | Killed Terence
  1538 | D:2      | Reached XP level 4. HP: 26/31 MP: 4/4
  2138 | D:3      | Found an ancient bone altar of Kikubaaqudgha.
  2395 | D:2      | Found a sacrificial altar of Ru.
  2627 | D:4      | Reached skill level 4 in Polearms
  2956 | D:4      | Reached XP level 5. HP: 31/37 MP: 5/5
  2975 | D:4      | Found a hide-covered altar of Uskayaw.
  2975 | D:4      | Found a snail-covered altar of Cheibriados.
  3291 | D:4      | Found a runed translucent door.
  3291 | D:4      | Noticed akumoriri's ghost (amateur GnFE)
  3291 | D:4      | Noticed an ogre
  3319 | D:4      | Reached XP level 6. HP: 35/43 MP: 6/6
  3391 | D:4      | Found a staircase to the Ecumenical Temple.
  3402 | Temple   | Entered the Ecumenical Temple
  3523 | Temple   | Became a worshipper of Gozag Ym Sagoz the Greedy
  3545 | D:4      | Found a broken altar of Ashenzari.
  3794 | D:3      | Reached skill level 5 in Polearms
  4863 | D:5      | Entered Level 5 of the Dungeon
  4873 | D:5      | Found a snail-covered altar of Cheibriados.
  4914 | D:5      | Noticed a phantom
  4989 | D:5      | Found Zosch's Book Shoppe.
  5105 | D:5      | Reached XP level 7. HP: 47/49 MP: 7/7
  5112 | D:5      | Reached skill level 6 in Polearms
  5560 | D:5      | Reached skill level 5 in Fighting
  5968 | D:6      | Found a transporter.
  6102 | D:6      | Reached skill level 7 in Polearms
  6345 | D:6      | Found a transporter.
  6345 | D:6      | Noticed dracos369's ghost (novice DrCj)
  6349 | D:6      | Noticed a troll
  6367 | D:6      | Killed a troll
  6368 | D:6      | Reached XP level 8. HP: 24/57 MP: 8/8
  6593 | D:6      | Found a glowing golden altar of the Shining One.
  6697 | D:6      | Reached skill level 8 in Polearms
  6736 | D:6      | Found a basalt altar of Yredelemnul.
  6737 | D:6      | Found a white marble altar of Elyvilon.
  6737 | D:6      | Found an ornate altar of the Wu Jian Council.
  6738 | D:6      | Found a bloodstained altar of Trog.
  7747 | D:7      | Found a sparkling altar of Nemelex Xobeh.
  7820 | D:7      | Reached skill level 9 in Polearms
  7851 | D:7      | Reached XP level 9. HP: 25/64 MP: 9/9
  9450 | D:7      | Reached skill level 10 in Polearms
 10940 | D:8      | Noticed a two-headed ogre
 11587 | D:7      | Killed a two-headed ogre
 11588 | D:7      | Reached skill level 11 in Polearms
 11588 | D:7      | Reached XP level 10. HP: 73/73 MP: 10/10
 12830 | D:8      | Reached skill level 12 in Polearms
 14164 | D:9      | Noticed a boulder beetle
 14550 | D:10     | Entered Level 10 of the Dungeon
 15154 | D:10     | Reached skill level 1 in Evocations
 15482 | D:11     | Found Tepiddak's General Store.
 15491 | D:11     | Bought a scroll of blinking for 112 gold pieces
 15491 | D:11     | Bought a scroll of magic mapping for 52 gold pieces
 15594 | D:11     | Noticed a six-headed hydra
 15635 | D:12     | Noticed a green ugly thing
 15636 | D:12     | Noticed a flayed ghost
 15660 | D:11     | Noticed a kobold demonologist
 15676 | D:12     | Reached XP level 11. HP: 64/81 MP: 1/11
 15978 | D:11     | Found a staircase to the Lair.
 16252 | D:11     | Noticed a cyclops
 16265 | D:11     | Killed a cyclops
 16266 | D:11     | Reached skill level 13 in Polearms
 16792 | D:11     | Noticed a brown ugly thing
 16801 | D:11     | Killed a brown ugly thing
 16802 | D:11     | Reached skill level 10 in Fighting
 16992 | D:12     | Noticed a seven-headed hydra
 17094 | D:11     | Noticed a seven-headed hydra
 17130 | D:12     | Found a staircase to the Orcish Mines.
 17218 | Orc:1    | Entered Level 1 of the Orcish Mines
 17675 | Orc:2    | Entered Level 2 of the Orcish Mines
 17675 | Orc:2    | Found a runed translucent gate.
 17675 | Orc:2    | Found a runed translucent gate.
 17675 | Orc:2    | Found an opulent altar of Gozag.
 17675 | Orc:2    | Found a staircase to the Elven Halls.
 17675 | Orc:2    | Found a runed translucent gate.
 17675 | Orc:2    | Noticed Greed's ghost (journeyman MiFi)
 17675 | Orc:2    | Noticed an obsidian statue
 18017 | Orc:1    | Noticed an ettin
 18017 | Orc:1    | Noticed a moth of wrath
 18018 | Orc:1    | Noticed a moth of wrath
 18446 | D:12     | Noticed a boulder beetle
 18574 | Lair:1   | Entered Level 1 of the Lair of Beasts
 18768 | Lair:1   | You fall into a shaft and drop 1 floor!
 18800 | Lair:2   | Reached skill level 5 in Shields
 19151 | Lair:2   | Reached skill level 5 in Dodging
 19801 | Lair:1   | Reached XP level 12. HP: 70/88 MP: 9/12
 20195 | Lair:1   | Noticed a six-headed hydra
 20257 | Lair:2   | Noticed a six-headed hydra
 20796 | Lair:2   | Reached skill level 14 in Polearms
 20796 | Lair:2   | Reached skill level 5 in Evocations
 21288 | Lair:3   | Found a hole to the Spider Nest.
 22116 | Lair:2   | Found a staircase to the Shoals.
 22692 | D:12     | Noticed a two-headed ogre
 22714 | D:12     | Noticed Fannar
 22780 | D:12     | Found a snail-covered altar of Cheibriados.
 23108 | D:12     | Killed a two-headed ogre
 23117 | D:12     | Killed Fannar
 23177 | D:12     | Noticed a centaur warrior
 23189 | D:12     | Killed a centaur warrior
 23573 | D:12     | Noticed a tengu warrior
 23579 | D:12     | Killed a tengu warrior
 23715 | D:12     | Reached XP level 13. HP: 91/95 MP: 13/13
 24033 | D:11     | Reached skill level 15 in Polearms
 24313 | D:13     | Found a frozen archway.
 24327 | IceCv    | Entered an ice cave
 26145 | IceCv    | HP: 3/95 [something] (12)]
 29735 | Lair:4   | Found a gate leading to a gauntlet.
 29764 | Gauntlet | Entered a Gauntlet
 29764 | Gauntlet | Found a transporter.
 29764 | Gauntlet | Found a transporter.
 29768 | Gauntlet | Found a transporter.
 29768 | Gauntlet | Found a transporter.
 29770 | Gauntlet | Found a large runed translucent door.
 29771 | Gauntlet | Found a large runed translucent door.
 29772 | Gauntlet | Found a large runed translucent door.
 29772 | Gauntlet | Found a large runed translucent door.
 29772 | Gauntlet | Found a runed translucent door.
 29773 | Gauntlet | Found a large runed translucent door.
 29777 | Gauntlet | Found a transporter.
 29779 | Gauntlet | Found a large runed translucent door.
 29780 | Gauntlet | Found a large runed translucent door.
 29781 | Gauntlet | Found a large runed translucent door.
 29782 | Gauntlet | Found a runed translucent gate.
 29784 | Gauntlet | Found a transporter.
 29794 | Gauntlet | Found a transporter.
 29794 | Gauntlet | Found a transporter.
 29798 | Gauntlet | Found a transporter.
 29825 | Gauntlet | Found a transporter.
 29827 | Gauntlet | Found a runed translucent gate.
 29827 | Gauntlet | Found a runed translucent gate.
 29829 | Gauntlet | Found a large runed translucent door.
 29830 | Gauntlet | Found a large runed translucent door.
 29832 | Gauntlet | Found a transporter.
 29833 | Gauntlet | Found a large runed translucent door.
 29834 | Gauntlet | Found a large runed translucent door.
 29837 | Gauntlet | Found a runed translucent door.
 29848 | Gauntlet | Found a large runed translucent door.
 29848 | Gauntlet | Found a large runed translucent door.
 29849 | Gauntlet | Found a large runed translucent door.
 29850 | Gauntlet | Found a large runed translucent door.
 29855 | Gauntlet | Found a transporter.
 29882 | Gauntlet | Noticed a death ooze
 29892 | Gauntlet | Found a transporter.
 29912 | Gauntlet | Found a transporter.
 30007 | Gauntlet | Found a transporter.
 30022 | Gauntlet | Found a transporter.
 30159 | Gauntlet | Killed a death ooze
 30330 | Gauntlet | Paralysed by a hornet for 3 turns
 30433 | Gauntlet | Got a vibrating brass ring
 30435 | Gauntlet | Identified the ring "Qeveocodd" {rPois rN+ Str+2 Slay+4}
                  | (You found it in a Gauntlet)
 30559 | Gauntlet | Got a warped platinum ring
 30578 | Gauntlet | Identified the ring of the Water Diviner {*Drain +Inv rCorr
                  | Str+4 SInv} (You found it in a Gauntlet)
 30595 | Gauntlet | Noticed a minotaur
 30647 | Lair:4   | Got a vibrating marble ring
 30767 | Lair:4   | You fall into a shaft and drop 2 floors!
 30767 | Lair:6   | Entered Level 6 of the Lair of Beasts
 30797 | Lair:6   | Reached XP level 14. HP: 102/102 MP: 14/14
 30960 | Lair:6   | Identified the ring "Zaythea" {Ice rElec rN+ Dex-3} (You
                  | found it on level 4 of the Lair of Beasts)
 31063 | Lair:6   | Found a viscous altar of Jiyva.
 31063 | Lair:6   | Found a staircase to the Slime Pits.
 31336 | Lair:5   | Reached skill level 16 in Polearms
 32797 | Lair:6   | Noticed a dire elephant
 32811 | Lair:6   | Killed a dire elephant
 33538 | Lair:5   | You fall into a shaft and drop 1 floor!
 33567 | Lair:5   | Learned a level 2 spell: Blink
 34273 | Orc:1    | Found a transporter.
 34369 | Orc:2    | Noticed Snorg
 34380 | Orc:2    | Killed Snorg
 34503 | Orc:2    | Reached XP level 15. HP: 57/109 MP: 15/15
 34830 | Orc:2    | Found an iron altar of Okawaru.
 35169 | Orc:2    | Found Faadoer's Distillery.
 35169 | Orc:2    | Found Fabbuvvu's Magic Scroll Boutique.
 35175 | Orc:2    | Found Fachikop's Jewellery Emporium.
 35175 | Orc:2    | Found Qemyt's Book Boutique.
 35196 | Orc:2    | Bought a potion of heal wounds for 75 gold pieces
 35201 | Orc:2    | Bought a scroll of immolation for 52 gold pieces
 35201 | Orc:2    | Bought a scroll of magic mapping for 52 gold pieces
 35201 | Orc:2    | Bought a scroll of fear for 52 gold pieces
 35201 | Orc:2    | Bought a scroll of fog for 30 gold pieces
 35210 | Orc:2    | Bought a potion of might for 60 gold pieces
 35210 | Orc:2    | Bought a potion of invisibility for 120 gold pieces
 35210 | Orc:2    | Bought a potion of curing for 45 gold pieces
 35210 | Orc:2    | Bought a potion of resistance for 150 gold pieces
 35215 | Orc:2    | Bought a book of the Earth for 780 gold pieces
 35222 | Orc:2    | Learned a level 6 spell: Statue Form
 35782 | D:13     | Reached skill level 10 in Evocations
 35785 | D:13     | Reached skill level 10 in Shields
 35875 | D:13     | Found a gate to the Vaults.
 35969 | D:13     | Noticed Sonja
 35974 | D:13     | Killed Sonja
 35996 | D:13     | Reached skill level 10 in Dodging
 36060 | D:13     | Noticed a frost giant
 36164 | D:13     | Killed a frost giant
 37390 | D:13     | Bought the ring "Cisodalo" {*Slow rF+++ Str+6 Int+10
                  | Stlth-} for 1760 gold pieces
 38254 | D:15     | Entered Level 15 of the Dungeon
 38501 | D:15     | Reached XP level 16. HP: 98/117 MP: 16/16
 38815 | D:15     | Got a scorched war axe
 39199 | D:15     | Identified the cursed +1 quarterstaff of Fortitude {freeze,
                  | rPois rF+ Str-3}
 39471 | D:15     | Found a staircase to the Depths.
 40999 | Orc:1    | Found a transporter.
 40999 | Orc:1    | Found a runed translucent door.
 40999 | Orc:1    | Found a bloodstained altar of Trog.
 41000 | Orc:1    | Found the +8 Wrath of Trog {antimagic, *Rage}
 41111 | Orc:1    | Mangled by a deep troll

Illustrated notes

Levels and vault maps discovered:
D:1:      dpeg_arrival_round_a, layout_loops_ring, minivault_14, minivault_24
D:2:      lemuel_upstairs_altar, layout_basic, nicolae_ru_awakened_eye,
          uniq_crazy_yiuf_cottage, uniq_terence
D:3:      layout_loops_ring, nicolae_overflow_crystal_walls
D:4:      layout_rooms, evilmike_ruin_ashenzari,
          gammafunk_temple_overflow_pools, temple_green,
          ebering_ghost_inner_flame
D:5:      layout_rooms, serial_shops, shop, basic_altar,
          kennysheep_another_room, serial_bayou_pond_c
D:6:      layout_loops_ring, tso_metal_star,
          chequers_temple_overflow_statue_of_worship, gammafunk_ghost_arena
D:7:      layout_gridville, nemelex_xobeh_ov_fountains_minmay
D:8:      layout_basic
D:9:      minmay_shrinking_squares, layout_stronghold
D:10:     layout_stronghold
D:11:     layout_stronghold, lair_entry_dummy, serial_column_ruins,
          column_ruins_square_huge, column_ruins_columns_straight,
          column_ruins_columns_straight, column_ruins_open_small,
          column_ruins_grid_3, column_ruins_grid_1,
          column_ruins_columns_straight, column_ruins_grid_3, serial_shops,
          shop_fountains
D:12:     minmay_the_grid_4x2 [minmay_the_grid_mess, minmay_the_grid_doors,
          minmay_the_grid_outer_circle, minmay_the_grid_box_x,
          minmay_the_grid_minigrid_small_alt, minmay_the_grid_minigrid_medium,
          minmay_the_grid_eight, minmay_the_grid_prize_four_corners_diamond_b],
          layout_long_grid, orc_0_dummy, basic_altar, uniq_fannar
D:13:     layout_loops_ring, erik_vaults_1, serial_ice, serial_ice_h,
          serial_ice_m, serial_ice_b, serial_ice_e, serial_ice_c, serial_ice_o,
          serial_ice_g, portal_ice_cave_entry_pillars_2, kennysheep_island_fort,
          uniq_sonja
D:14:     lemuel_ice_spiral_2, layout_rooms, serial_bayou_shore_b
D:15:     grunt_enter_depths_magical_seal, layout_irregular_city,
          minmay_misc_feat_four_crosses, grunt_ministairs_14
Temple:   minmay_temple_curvy_loop
Lair:1:   layout_chaotic_city, chequers_serial_rivers_micro_c,
          nicolae_quartered_pool_little, grunt_megastairs_3,
          infiniplex_staircase_pool_2
Lair:2:   layout_cave_pods, shoals_dummy_entry
Lair:3:   layout_cave_pods, dummy_spider_entry, serial_rivers,
          chequers_serial_rivers_micro_d, chequers_serial_rivers_small_a,
          chequers_serial_rivers_room_b, chequers_serial_rivers_micro_e,
          chequers_serial_rivers_micro_a, zaba_anthell
Lair:4:   layout_misc_corridors, gammafunk_ghost_wrathful_warriors,
          gauntlet_entry_generic, lemuel_fruit_tree
Lair:5:   layout_regular_city, minivault_24, minmay_lair_oklob_bushes,
          minivault_11, ice2_lemuel
Lair:6:   grunt_lair_end_beastmaster, layout_layer_cave,
          dpeg_slime_entry_enclosed_altar, grunt_forest_large_clearing_hut
Orc:1:    emtedronai_trogs_sanctum, layout_caves
Orc:2:    grunt_orc_tribal_feast, layout_caves, ebering_ghost_gozag,
          okawaru_metal_pillars_1_2, uniq_snorg

Skill      XL: |  1  2  3  4  5  6  7  8  9 10 11 12 13 14 15 16 |
---------------+-------------------------------------------------+-----
Polearms       | 3 4 5 7 9 11 12 13 14 15 16 | 16.6
Fighting       | 4 6 7 8 9 10 11 12 13 14 | 14.0
Evocations     | 1 4 6 8 9 11 | 11.7
Shields        | 5 6 8 9 10 11 | 11.4
Dodging        | 5 6 8 9 10 11 | 11.4

Action                   |  1- 3 |  4- 6 |  7- 9 | 10-12 | 13-15 | 16-18 || total
-------------------------+-------+-------+-------+-------+-------+-------++-------
Melee: Trident           |    68 |   155 |   274 |   761 |  1262 |   163 ||  2683
       Constrict         |    11 |    36 |    41 |   111 |   142 |    19 ||   360
       Tentacles         |    12 |    21 |    53 |   227 |   413 |    67 ||   793
Throw: Throwing net      |       |       |     2 |       |       |       ||     2
       Dart              |       |       |       |       |     4 |       ||     4
Invok: Potion Petition   |       |       |     1 |     5 |     5 |       ||    11
       Call Merchant     |       |       |       |       |     1 |       ||     1
Evoke: Wand              |       |       |    12 |    16 |    19 |     9 ||    56
       Box of beasts     |       |       |       |       |     3 |     1 ||     4
       Tin of tremorston |       |       |       |       |     4 |     2 ||     6
       Phial of floods   |       |       |       |       |     1 |       ||     1
  Use: Scroll            |       |       |    11 |    13 |    12 |       ||    36
       Potion            |       |       |     1 |    10 |     6 |     1 ||    18
 Stab: Sleeping          |     7 |     9 |     6 |    11 |     9 |     3 ||    45
       Paralysed         |       |       |     4 |    12 |       |       ||    16
       Held in net/web   |       |       |     3 |       |       |       ||     3
       Distracted        |       |       |       |     5 |     9 |     1 ||    15
       Invisible         |       |       |       |     6 |     4 |       ||    10
       Petrified         |       |       |       |       |     3 |       ||     3
Armor: Skin              |     4 |     5 |     7 |    25 |    46 |     2 ||    89
Dodge: Dodged            |    23 |    60 |    85 |   250 |   363 |    52 ||   833
Block: Kite shield       |    14 |    57 |    72 |   228 |   362 |    73 ||   806
